 Dungeon Sprint DCSS version 0.20.1-1-g8b1a95d (webtiles) character file.

58 Kingsmith the Conjurer (level 3, -5/26 HPs)
             Began as a Demigod Conjurer on Dec 12, 2017.
             Slain by an ogre
             ... wielding a +0 giant club
              (14 damage)
             ... in the Dungeon (Sprint IX: "|||||||||||||||||||||||||||||").
             The game lasted 00:01:21 (236 turns).

Kingsmith the Conjurer (Demigod Conjurer)            Turns: 236, Time: 00:01:22

Health: -5/26      AC:  4    Str: 11    XL:     3   Next: 52%
Magic:  1/8        EV: 14    Int: 24    God:
Gold:   0          SH:  0    Dex: 16    Spells: 0/6 levels left

rFire    . . .     SeeInvis .   e - staff of energy
rCold    . . .     Gourm    .   (no shield)
rNeg     . . .     Faith    .   a - +0 robe
rPois    .         Spirit   .   (no helmet)
rElec    .         Reflect  .   n - +0 cloak
rCorr    .         Harm     .   (no gloves)
MR       .....     NoTele   +   o - +0 pair of boots
Stlth    ++........             (no amulet)
Regen    0.1/turn               p - +3 ring of intelligence
MPRegen  0.2/turn               q - +2 ring of evasion

@: lethally poisoned (-5 -> -8)
A: high mp 1
a: no special abilities


You were in the Dungeon.
You were not hungry.

You visited 1 branch

Inventory:

Armour
 a - a +0 robe (worn)
 n - a +0 cloak (worn)
 o - a +0 pair of boots (worn)
Magical Staves
 e - an uncursed staff of energy (weapon)
Jewellery
 p - a +3 ring of intelligence (left hand)
 q - a +2 ring of evasion (right hand)
Wands
 m - a wand of acid (7/15)
Scrolls
 i - 2 scrolls of blinking
 k - 3 scrolls of remove curse
 l - 2 scrolls of amnesia
Potions
 d - 5 potions of curing
 f - a potion of haste
 g - 3 potions of magic
 h - a potion of invisibility
 j - 2 potions of heal wounds
Books
 b - a book of Conjurations

   Spells                             Type                      Level
   a - Magic Dart                     Conjuration                  1
   b - Searing Ray                    Conjuration                  2
   c - Dazzling Spray                 Conjuration/Hexes            3
   d - Fulminant Prism                Conjuration/Hexes            4
   e - Force Lance                    Conjuration/Translocation    4
   f - Iskenderun's Mystic Blast      Conjuration                  4
Comestibles
 c - a bread ration


   Skills:
 - Level 1.8 Dodging
 - Level 2.0 Stealth
 - Level 0.1 Unarmed Combat
 - Level 2.0 Spellcasting
 + Level 7.6 Conjurations


You couldn't memorise any spells.
You knew the following spells:

 Your Spells              Type           Power        Failure   Level  Hunger
a - Magic Dart            Conj           ####         1%          1    None
b - Searing Ray           Conj           #####.       1%          2    None
c - Dazzling Spray        Conj/Hex       ###...       8%          3    None


Dungeon Overview and Level Annotations

Branches:
Dungeon (1/1)


Innate Abilities, Weirdness & Mutations

You have an increased reservoir of magic. (+10% MP)


Message History

The adder is severely wounded.
The crimson imp hits you but does no damage.
The adder closely misses you.
You hit the adder.
You kill the adder!
You feel sick. The crimson imp misses you. The crimson imp barely misses you.
You barely miss the ogre.
The ogre is moderately wounded.
The ogre barely misses you.
The crimson imp hits you but does no damage.
Casting: Searing Ray
Confirm with . or Enter, or press ? or * to list all spells.
Aiming: Magic Dart
Press: ? - help, Shift-Dir - straight line, f - ogre
Aim: an ogre, wielding a giant club (moderately wounded)
The magic dart hits the ogre.
The ogre is heavily wounded.
The ogre hits you with a giant club!
Ouch! That really hurt!
You die... ▓▓▓▓▓▓▓▓▓▓▓▓▓▓▓▓▓▓▓▓▓▓▓▓ __.____'.).)..[5@OyZ.... ▓▓▓▓▓▓▓▓▓▓▓▓▓▓▓▓▓▓▓▓▓▓▓▓

You could see a hornet, an ogre, a crimson imp and an adder zombie.

Vanquished Creatures
  A quasit (D)
  An adder (D)
  An adder skeleton (D)
  An adder zombie (D)
  A giant cockroach (D)
  A hobgoblin (D)
  A jackal (D)
  A quokka (D)
  A ball python skeleton (D)
  A bat (D)
  2 rats (D)
12 creatures vanquished.

Notes
Turn   | Place    | Note
-------+----------+-------------------------------------------
     0 | D        | Kingsmith the Demigod Conjurer began the quest for the Orb.
     0 | D        | Reached XP level 1. HP: 14/14 MP: 5/5
    19 | D        | Reached skill level 4 in Conjurations
    78 | D        | Noticed a quasit
    90 | D        | Killed a quasit
    90 | D        | Reached skill level 6 in Conjurations
    90 | D        | Reached XP level 2. HP: 20/20 MP: 4/7
    90 | D        | Reached XP level 3. HP: 26/26 MP: 4/8
    94 | D        | Reached skill level 7 in Conjurations
   148 | D        | Found a roughly hewn altar of Beogh.
   148 | D        | Found a snail-covered altar of Cheibriados.
   148 | D        | Found a shadowy altar of Dithmenos.
   148 | D        | Found a white marble altar of Elyvilon.
   148 | D        | Found a blossoming altar of Fedhas.
   148 | D        | Found an opulent altar of Gozag.
   149 | D        | Found a hazy altar of Hepliaklqana.
   150 | D        | Found a viscous altar of Jiyva.
   151 | D        | Found an ancient bone altar of Kikubaaqudgha.
   152 | D        | Found a corrupted altar of Lugonu.
   153 | D        | Found a burning altar of Makhleb.
   154 | D        | Found a sparkling altar of Nemelex Xobeh.
   155 | D        | Found an iron altar of Okawaru.
   156 | D        | Found a stormy altar of Qazlal.
   157 | D        | Found a sacrificial altar of Ru.
   158 | D        | Found a deep blue altar of Sif Muna.
   159 | D        | Found a bloodstained altar of Trog.
   160 | D        | Found a hide-covered altar of Uskayaw.
   161 | D        | Found a radiant altar of Vehumet.
   163 | D        | Found a shimmering altar of Xom.
   164 | D        | Found a basalt altar of Yredelemnul.
   165 | D        | Found a glowing silver altar of Zin.
   166 | D        | Found a glowing golden altar of the Shining One.
   214 | D        | Learned a level 2 spell: Searing Ray
   218 | D        | Learned a level 3 spell: Dazzling Spray
   218 | D        | Noticed an ogre
   218 | D        | Noticed a hornet
   236 | D        | Slain by an ogre

Skill      XL: |  1  2  3 |
---------------+----------+-----
Conjurations   | 6 7 |  7.6
Spellcasting   | 2 |  2.0
Stealth        | 2 |  2.0
Dodging        | |  1.8
Unarmed Combat | |  0.1

Action                   || total
-------------------------++-------
Melee: Club              ||    18
       Unarmed           ||     8
       Staff             ||    13
 Cast: Magic Dart        ||    13
       Searing Ray       ||     4
  Use: Potion            ||     3
Armor: Robe              ||    21
Dodge: Dodged            ||    48
